 Dungeon Crawl Stone Soup version 0.27.1-1-g398f81649c (webtiles) character file.

Game seed: 17444126412047102352

1720 zdrol the Basher (level 8, 0/67 HPs)
             Began as a Minotaur Fighter on Sept 8, 2021.
             Was a Priest of Jiyva.
             Slain by a purple ugly thing (5 damage)
             ... on level 7 of the Dungeon.
             The game lasted 00:19:23 (6007 turns).

zdrol the Basher (Minotaur Fighter)                 Turns: 6007, Time: 00:19:24

Health: 0/67       AC:  9    Str: 23    XL:     8   Next: 75%
Magic:  7/7        EV:  7    Int:  7    God:    Jiyva [***...]
Gold:   105        SH: 10    Dex: 10    Spells: 7/7 levels left

rFire    . . .     SeeInvis .   k - +10 mace of the Pillar {spect, Str+2}
rCold    . . .     Faith    .   c - +0 kite shield
rNeg     . . .     Spirit   .   f - +0 chain mail
rPois    .         Reflect  .   (helmet restricted)
rElec    .         Harm     .   (no cloak)
rCorr    +         Rampage  .   (no gloves)
Will     .....                  (no boots)
Stlth    ..........             e - amulet of the acrobat
HPRegen  0.21/turn              (no ring)
MPRegen  0.10/turn              (no ring)

@: no status effects
A: horns 2, retaliatory headbutt, claws 1, sturdy frame 1
a: Renounce Religion, Request Jelly


You were on level 7 of the Dungeon.
You worshipped Jiyva.
Jiyva was most pleased with you.
You visited 1 branch of the dungeon, and saw 8 of its levels.

You collected 105 gold pieces.

Inventory:

Hand Weapons
 a - a +1 long sword
 k - the +10 mace of the Pillar (weapon) {spect, Str+2}
   (You found it on level 5 of the Dungeon)

   When its wielder attacks, the weapon's spirit leaps out and strikes again.
   The spirit shares a part of any damage it takes with its wielder.
   Str:       It affects your strength (+2).
 l - the +8 war axe of Amorality {vorpal, +Blink rN+ Str+3}
   (You found it on level 6 of the Dungeon)

   It inflicts extra damage upon your enemies.
   Str:       It affects your strength (+3).
   rN:        It protects you from negative energy.
   +Blink:    It lets you blink.
Missiles
 i - 25 poisoned darts (quivered)
 j - 8 boomerangs
 m - 2 throwing nets
Armour
 c - a +0 kite shield (worn)
 f - a +0 chain mail (worn)
Magical Staves
 h - a staff of death
Jewellery
 e - an amulet of the acrobat (around neck)
Potions
 b - a potion of resistance
 d - a potion of might
 g - 2 potions of curing
 n - a potion of ambrosia {unknown}


   Skills:
 - Level 4.8 Fighting
 - Level 4.5 Long Blades
 * Level 10.9 Maces & Flails
 - Level 5.3 Armour
 - Level 0.7 Dodging
 - Level 0.3 Stealth
 - Level 4.9 Shields


You had 7 spell levels left.
You didn't know any spells.
Your spell library contained the following spells:

 Spells                   Type           Power      Damage    Failure   Level
 Pain                     Necr           0%         1d4       100%        1


Dungeon Overview and Level Annotations

Branches:
Dungeon (8/15)             Temple (0/1) D:7
   Lair: D:8-11

Altars:
Ashenzari
Elyvilon
Nemelex Xobeh
Qazlal
Sif Muna
Zin
Jiyva


Innate Abilities, Weirdness & Mutations

You have a pair of horns on your head.
You reflexively headbutt those who attack you in melee.
You have sharp fingernails.
Your movements are slightly less encumbered by armour. (ER -2)


Message History

The bullfrog skeleton is heavily damaged.
Your +10 mace of the Pillar {spect, Str+2} hits the bullfrog skeleton!
The bullfrog skeleton hits you.
You thump the bullfrog skeleton!
You destroy the bullfrog skeleton!
You swap places.
Done exploring.
There is a stone staircase leading down here.
You climb downwards.
The purple ugly thing closely misses you.
You furiously retaliate!
You headbutt the purple ugly thing. You block the yak's attack.
The yak gores you! You block the yak's attack.
There is a stone staircase leading up, spattered with blood here.
The purple ugly thing bites you! The yak gores you but does no damage.
The yak gores you. x2
You climb upwards.
There is a stone staircase leading down here.
You hit the yak. You headbutt the yak, but do no damage.
The yak is lightly wounded.
You block the purple ugly thing's attack.
You block the yak's attack. The yak closely misses you.
You furiously retaliate!
You headbutt the yak, but do no damage. You sock the yak!
The yak is moderately wounded.
The purple ugly thing bites you. The yak gores you but does no damage.
You block the yak's attack.
You sock the yak!
The yak is severely wounded.
You block the purple ugly thing's attack.
The yak gores you. You block the yak's attack.
You sock the yak!
The yak is almost dead.
The purple ugly thing bites you!
* * * LOW HITPOINT WARNING * * *
The yak gores you but does no damage. The yak gores you!
* * * LOW HITPOINT WARNING * * *
You hit the yak.
The yak is almost dead.
The purple ugly thing bites you.
You die...

#J....##########.##..#.###
#...........# #.###....>.
#..J..#####.####.# ##.....
##....># #...##.###...#..
##......# ###....J.J...#..
#..###### ####.........#
######.## ######......##..J#
.......# #uY....#....##....
.......# #@######<....##..#
.......#########Y###..J.##.......
......##........Y....#####.#.#...
.........#####..####.J...........
.........#####.## ##....####.....
.......#.##....####...### #..>.#
####...........##....## ##....#
........##J#.....J##.## #..#..#
........##.#...#......# ##.###..


You could see a purple ugly thing and 3 yaks.

Vanquished Creatures
  A wyvern (D:7)
  3 water moccasins
  A sky beast (D:6)
  A black bear (D:5)
  A necrophage (D:4)
  2 ogres (D:6)
  2 phantoms
  2 kobold brigands
  A gnoll sergeant (D:6)
  A scorpion (D:6)
  3 hounds (D:6)
  2 bullfrog skeletons (D:7)
  2 gnoll shamans (D:6)
  4 orc priests
  An iguana (D:4)
  2 orc wizards (D:7)
  2 scorpion zombies (D:5)
  A hound skeleton (D:4)
  3 gnolls (D:6)
  2 adders
  A howler monkey skeleton (D:7)
  A shadow imp (D:5)
  An ufetubus (D:5)
  2 worms
  2 dart slugs
  16 orcs
  7 ball pythons
  A bat (D:1)
  2 endoplasms (D:1)
  A giant cockroach (D:2)
  4 goblins
  3 hobgoblins (D:1)
  5 jackals
  A quokka (D:4)
  4 frilled lizards
  10 kobolds
  4 rats
  4 bushes (D:6)
106 creatures vanquished.

Vanquished Creatures (others)
  A water moccasin (D:3)
  A black bear (D:6)
  A scorpion (D:5)
  4 hounds
  A bullfrog zombie (D:4)
  9 jellies
  2 centaur skeletons (D:6)
  2 gnoll shamans (D:6)
  A bullfrog skeleton (D:7)
  10 gnolls (D:6)
  2 adders
  A shadow imp (D:6)
  An orc (D:5)
  A giant cockroach (D:3)
  A goblin (D:2)
  A hobgoblin (D:3)
  A jackal (D:6)
  6 kobolds
  A quokka (D:3)
  2 ball pythons (D:3)
  3 rats (D:3)
  A fungus (D:2)
  15 plants
68 creatures vanquished.

Grand Total: 174 creatures vanquished

Notes
Turn   | Place    | Note
-------+----------+-------------------------------------------
     0 | D:1      | zdrol the Minotaur Fighter began the quest for the Orb.
     0 | D:1      | Reached XP level 1. HP: 19/19 MP: 0/0
   260 | D:1      | Reached XP level 2. HP: 27/27 MP: 1/1
   863 | D:1      | Reached XP level 3. HP: 33/33 MP: 2/2
  1094 | D:2      | Found a faded altar of an unknown god.
  1111 | D:2      | Got Plato's Catalogue of Sinister Magic
  1114 | D:2      | Became a worshipper of Jiyva Jizxese the Shapeless
  1114 | D:2      | Reached * piety under Jiyva
  1882 | D:3      | Found a shimmering blue altar of Sif Muna.
  1897 | D:3      | Reached ** piety under Jiyva
  2146 | D:3      | Killed a water moccasin
  2200 | D:3      | Found a large runed translucent door.
  2201 | D:3      | Found a large runed translucent door.
  2211 | D:3      | Found a sparkling altar of Nemelex Xobeh.
  2220 | D:3      | Found a broken altar of Ashenzari.
  2835 | D:4      | Noticed a necrophage
  2842 | D:4      | Killed a necrophage
  2843 | D:4      | Reached XP level 4. HP: 38/41 MP: 3/3
  2843 | D:4      | Reached XP level 5. HP: 44/47 MP: 4/4
  2933 | D:5      | Entered Level 5 of the Dungeon
  3498 | D:5      | Noticed a phantom
  3506 | D:5      | Killed a phantom
  3507 | D:5      | Reached skill level 5 in Armour
  3551 | D:5      | Found a glowing silver altar of Zin.
  3574 | D:5      | Reached XP level 6. HP: 28/55 MP: 5/5
  3787 | D:5      | Identified the +10 mace of the Pillar {spect, Str+2}
  3814 | D:6      | Noticed a sky beast
  3820 | D:5      | Reached skill level 2 in Maces & Flails
  3956 | D:5      | Noticed a water moccasin
  3962 | D:5      | Killed a water moccasin
  3963 | D:5      | Reached skill level 4 in Maces & Flails
  3979 | D:5      | Reached XP level 7. HP: 60/60 MP: 6/6
  4014 | D:5      | Reached skill level 5 in Maces & Flails
  4424 | D:6      | Reached skill level 6 in Maces & Flails
  4461 | D:6      | Reached *** piety under Jiyva
  4477 | D:6      | Reached skill level 7 in Maces & Flails
  4507 | D:6      | Reached skill level 8 in Maces & Flails
  4507 | D:6      | Reached XP level 8. HP: 60/67 MP: 7/7
  4532 | D:6      | Gained mutation: You have sharp fingernails. [Jiyva's
                  | grace]
  4591 | D:6      | Reached skill level 9 in Maces & Flails
  4894 | D:6      | Identified the +8 war axe of Amorality {vorpal, +Blink rN+
                  | Str+3}
  5168 | D:6      | Found a white marble altar of Elyvilon.
  5402 | D:7      | Reached skill level 10 in Maces & Flails
  5587 | D:7      | Gained mutation: Your movements are slightly less
                  | encumbered by armour. (ER -2) [Jiyva's grace]
  5669 | D:8      | Noticed a purple ugly thing
  5741 | D:7      | Found a staircase to the Ecumenical Temple.
  5803 | D:7      | Found a stormy altar of Qazlal.
  6007 | D:7      | Slain by a purple ugly thing

Illustrated notes

Levels and vault maps discovered:
D:1:      dpeg_arrival_pits, layout_basic
D:2:      layout_basic, shapermc_ecumenical_altar_rom_forum
D:3:      layout_basic, mainiacjoe_overflow_alcove_1, jmf_multi_god_temple2
D:4:      layout_basic, minmay_strange_pillars, minmay_misc_feat_hallway,
          st_stairs_2, hangedman_feature_mirror
D:5:      layout_gridville, mainiacjoe_overflow_cross_hatched
D:6:      layout_cave_pools, elyvilon_altar_3, serial_gnoll_camp,
          gnoll_camp_mini_hut, gnoll_camp_mini_doghouse, gnoll_camp_mini_house,
          gnoll_camp_medium_02, gnoll_camp_mini_hut, lexackson_kobold_supper
D:7:      layout_rooms, kennysheep_little_box, minmay_temple_entry_trees
D:8:      layout_rooms, tso_altar, serial_bayou_pond_e, uniq_pikel, uniq_harold,
          uniq_grum

Skill      XL: |  1  2  3  4  5  6  7  8 |
---------------+-------------------------+-----
Shields        | 4 |  4.9
Armour         | 4 5 |  5.3
Fighting       | 4 |  4.8
Long Blades    | 3 4 |  4.5
Maces & Flails | 4 8 10 | 10.9
Dodging        | |  0.7
Stealth        | |  0.3

Action                   |  1- 3 |  4- 6 |  7- 9 || total
-------------------------+-------+-------+-------++-------
Melee: Long sword        |    90 |    41 |       ||   131
       Headbutt          |    13 |     5 |    24 ||    42
       Mace              |       |     9 |   120 ||   129
Throw: Dart              |       |       |     6 ||     6
Invok: Request Jelly     |     1 |       |     1 ||     2
  Use: Scroll            |     4 |     1 |     3 ||     8
Armor: Scale mail        |    13 |       |       ||    13
       Chain mail        |    44 |    30 |    24 ||    98
Dodge: Dodged            |    27 |    17 |    25 ||    69
Block: Kite shield       |    51 |    34 |    46 ||   131
       Rpst.: Long sword |     5 |     3 |       ||     8
